 Dungeon Crawl Stone Soup version 0.23-a0-470-g6f7cfd9 (webtiles) character file.

4199 Zephyr the Carver (level 10, 96/98 (99) HPs)
             Began as a Minotaur Berserker on Nov 9, 2018.
             Was a High Priest of Trog.
             Quit the game on level 9 of the Dungeon on Nov 26, 2018.
             The game lasted 00:27:45 (8441 turns).

Zephyr the Carver (Minotaur Berserker)              Turns: 8441, Time: 00:27:46

HP:   96/98 (99)    AC: 13    Str: 24    XL:     10   Next: 8%
MP:   9/9           EV: 13    Int:  4    God:    Trog [*****.]
Gold: 357           SH:  0    Dex: 16    Spells: 9/9 levels left

rFire    . . .     SeeInvis +   J - +4 dagger (venom)
rCold    + . .     Gourm    .   (no shield)
rNeg     . . .     Faith    .   s - +0 chain mail
rPois    .         Spirit   +   (helmet restricted)
rElec    .         Reflect  .   L - +0 cloak
rCorr    .         Harm     .   (no gloves)
MR       .....                  y - +0 pair of boots
Stlth    ..........             F - amulet of guardian spirit
HPRegen  0.26/turn              M - ring of Irrepressible Laughter {Dex+5 Slay+2 SInv}
MPRegen  0.11/turn              l - +5 ring of slaying

@: mildly poisoned (96 -> 95), berserk cooldown, slowed, very slow
A: retaliatory headbutt, hooves 1, horns 2, cold resistance 1, robust 1
a: Berserk, Trog's Hand, Brothers in Arms, Renounce Religion


You were on level 9 of the Dungeon.
You worshipped Trog.
Trog was extremely pleased with you.
You were not hungry.

You visited 1 branch of the dungeon, and saw 9 of its levels.

You collected 357 gold pieces.

Inventory:

Hand Weapons
 a - a +0 falchion
 J - a +4 dagger of venom (weapon)
Armour
 s - a +0 chain mail (worn)
 y - a +0 pair of boots (worn)
 E - a cursed +0 ring mail
 L - a +0 cloak (worn)
Jewellery
 f - an uncursed ring of ice
 l - a +5 ring of slaying (right hand)
 m - an uncursed ring of fire {unknown}
 w - an uncursed ring of see invisible {unknown}
 x - an uncursed ring of resist corrosion {unknown}
 D - a cursed ring of attention {unknown}
 F - an amulet of guardian spirit (around neck)
 M - the ring of Irrepressible Laughter (left hand) {Dex+5 Slay+2 SInv}
   (You took it off an orc on level 8 of the Dungeon)

   [ring of see invisible]

   It affects your dexterity (+5).
   It affects your accuracy and damage with ranged weapons and melee attacks
   (+2).
   It lets you see invisible.
Wands
 p - a wand of flame (12)
 H - a wand of acid (8)
 N - a wand of enslavement (11)
 O - a wand of scattershot (6)
 P - a wand of paralysis (6)
 Q - a wand of iceblast (6)
Scrolls
 b - 3 scrolls of random uselessness {unknown}
 d - 2 scrolls of teleportation
 e - 9 scrolls of identify {unknown}
 g - a scroll of amnesia {unknown}
 h - a scroll of blinking {unknown}
 k - 3 scrolls of fog {unknown}
 o - 4 scrolls of magic mapping {unknown}
 r - 3 scrolls of fear {unknown}
 t - 2 scrolls of remove curse {unknown}
 A - a scroll of enchant armour {unknown}
 B - a scroll of holy word {unknown}
 I - a scroll of torment {unknown}
Potions
 i - a potion of resistance {unknown}
 j - a potion of lignification {unknown}
 n - a potion of berserk rage {unknown}
 q - 2 potions of mutation
 u - a potion of might {unknown}
 v - 2 potions of degeneration {unknown}
 z - a potion of invisibility {unknown}
 C - a potion of heal wounds {unknown}
 G - a potion of cancellation {unknown}
 K - 2 potions of magic {unknown}
Comestibles
 c - 13 rations
 R - 4 chunks of flesh


   Skills:
 + Level 8.7 Fighting
 * Level 11.4 Long Blades
 + Level 8.2 Armour
 + Level 7.4 Dodging


You had 9 spell levels left.
You didn't know any spells.
Your spell library was empty.

Dungeon Overview and Level Annotations

Branches:
Dungeon (9/15)             Temple (0/1) D:7
   Lair: D:8-11         Orc: D:9-12

Altars:
Hepliaklqana
Qazlal
Ru
Trog


Innate Abilities, Weirdness & Mutations

You reflexively headbutt those who attack you in melee.
You have a pair of horns on your head.
You have large cloven feet.
Your flesh is cold resistant. (rC+)
You are robust. (+10% HP)


Message History

Trog accepts your kill.
A kobold comes into view.
The kobold barely misses you.
You hit the kobold.
You kill the kobold!
Trog accepts your kill.
The kobold throws a stone.
The stone hits you but does no damage. The kobold barely misses you.
You furiously retaliate!
You headbutt the kobold!
You kill the kobold!
Trog accepts your kill.
Items here: (( ))) [[ ÷ † You hit the kobold.
You kill the kobold!
Trog accepts your kill.
You feel sick.
Things that are here:
a +0 dagger; 4 stones; a kobold corpse
Items here: (( ))) [[ ÷ †
Okay, then.
Are you sure you want to abandon this character and quit the game? (Confirm

#. #. .. #K #.##
##. ..##..#...
KK..#.####.
#.........
#.####(...z.#
#....(###.....
#####)# .... #@#
#.). #.# #.# #.#
#.# #.#####.#
... #....##.# ..
####.##.######.#
#.#<........#+#
#.###.####.....
#.....##.......


There were no monsters in sight!

Vanquished Creatures
  Pikel (D:5)
  A troll (D:9)
  Sigmund (D:3)
  A human (D:7)
  4 hogs (D:7)
  An orc warrior (D:7)
  2 ice beasts
  A necrophage (D:7)
  Blork the orc (D:5)
  A big kobold (D:9)
  A bullfrog (D:6)
  2 wyvern zombies (D:8)
  A wyvern skeleton (D:6)
  2 scorpions (D:7)
  10 killer bees (D:7)
  4 wights
  2 crimson imps
  A howler monkey (D:4)
  2 hounds
  A quasit (D:6)
  6 orc priests
  3 bullfrog skeletons
  2 iguanas
  7 orc wizards
  5 worker ants
  A hound zombie (D:5)
  A hound skeleton (D:7)
  11 adders
  11 gnolls
  A shadow imp (D:7)
  An adder skeleton (D:5)
  6 worms
  2 dart slugs (D:1)
  4 leopard geckos
  22 orcs
  9 bats
  4 giant cockroaches
  13 goblins
  9 hobgoblins
  11 jackals
  2 quokkas
  7 frilled lizards
  12 kobolds
  2 leopard gecko skeletons (D:7)
  16 rats
208 creatures vanquished.

Vanquished Creatures (others)
  A slave (D:5)
  An orc priest (D:5)
  An orc wizard (D:5)
  3 orcs
  A quokka (D:5)
7 creatures vanquished.

Grand Total: 215 creatures vanquished

Notes
Turn   | Place    | Note
-------+----------+-------------------------------------------
     0 | D:1      | Zephyr the Minotaur Berserker began the quest for the Orb.
     0 | D:1      | Reached XP level 1. HP: 19/19 MP: 0/0
   121 | D:1      | Reached XP level 2. HP: 23/27 MP: 1/1
   220 | D:1      | Reached skill level 4 in Long Blades
   674 | D:1      | Reached XP level 3. HP: 31/33 MP: 2/2
   701 | D:1      | Reached ** piety under Trog
  1153 | D:2      | Reached XP level 4. HP: 24/40 MP: 3/3
  1549 | D:2      | Reached skill level 5 in Long Blades
  2070 | D:3      | Reached XP level 5. HP: 44/47 MP: 4/4
  2096 | D:3      | Reached *** piety under Trog
  2778 | D:3      | Noticed Sigmund
  2821 | D:3      | HP: 1/47 [Sigmund/+0 scythe (8)]
  2927 | D:3      | Killed Sigmund
  2927 | D:3      | Reached skill level 5 in Fighting
  2927 | D:3      | Reached skill level 6 in Long Blades
  2927 | D:3      | Reached XP level 6. HP: 26/56 MP: 5/5
  3632 | D:4      | Found a sacrificial altar of Ru.
  3714 | D:4      | Reached XP level 7. HP: 57/61 MP: 6/6
  4453 | D:5      | Entered Level 5 of the Dungeon
  4453 | D:5      | Noticed Blork the orc
  4462 | D:5      | Reached skill level 7 in Long Blades
  4469 | D:5      | Killed Blork the orc
  4469 | D:5      | Reached skill level 5 in Armour
  4536 | D:5      | Noticed Pikel
  4544 | D:5      | Killed Pikel
  4544 | D:5      | Reached skill level 8 in Long Blades
  4544 | D:5      | Reached skill level 5 in Dodging
  4544 | D:5      | Reached XP level 8. HP: 71/71 MP: 7/7
  5163 | D:6      | Reached **** piety under Trog
  5364 | D:6      | Found a hazy altar of Hepliaklqana.
  5487 | D:6      | Reached skill level 9 in Long Blades
  5850 | D:7      | Found a stormy altar of Qazlal.
  5921 | D:7      | Reached XP level 9. HP: 69/78 MP: 8/8
  5934 | D:7      | Upgraded the game from 0.23-a0-416-g33f1def to
                  | 0.23-a0-470-g6f7cfd9
  5934 | D:7      | Gained mutation: Your flesh is cold resistant. (rC+)
                  | [potion of mutation]
  5934 | D:7      | Gained mutation: You are robust. (+10% HP) [potion of
                  | mutation]
  5934 | D:7      | Gained mutation: You have large cloven feet. [potion of
                  | mutation]
  6446 | D:7      | Reached skill level 10 in Long Blades
  6596 | D:7      | Found a staircase to the Ecumenical Temple.
  7307 | D:7      | Reached skill level 11 in Long Blades
  7540 | D:8      | Noticed a moth of wrath
  7544 | D:8      | Found a bloodstained altar of Trog.
  7790 | D:8      | Identified the ring of Irrepressible Laughter {Dex+5 Slay+2
                  | SInv}
  7944 | D:8      | Reached XP level 10. HP: 94/98 MP: 7/9
  8430 | D:9      | Reached ***** piety under Trog
  8441 | D:9      | Quit the game

Vault maps used:
D:1:      psy_arrival_dodecagon, minmay_misc_feat_tower, chequers_arboretum,
          serial_park_tiny_1, minmay_misc_feat_enclosed,
          chequers_serial_rivers_room_a, minmay_misc_feat_nine_boxes,
          hangedman_decor_slide_cut
D:3:      nicolae_overflow_hidden_temple, st_stairs_1, uniq_sigmund
D:4:      nicolae_ru_awakened_eye
D:5:      first_ration, uniq_blork_the_orc, uniq_pikel
D:6:      marbit_many_paths
D:7:      kennysheep_little_box, minmay_temple_entry_nine_rooms,
          roderic_lattice_a, grunt_livestock
D:8:      tgw_trog
D:9:      grunt_temple_overflow_open, david_lair_generic,
          kennysheep_orc_monster_closet_entryway, serial_shops, shop, shop,
          shop, nicolae_shop_waterfront, gammafunk_ghost_icy

Skill      XL: |  1  2  3  4  5  6  7  8  9 |
---------------+----------------------------+-----
Long Blades    | 4 5 6 8 9 11 | 11.4
Fighting       | 4 5 6 7 8 |  8.7
Armour         | 3 4 5 6 8 |  8.2
Dodging        | 3 4 5 6 7 |  7.4

Action                   |  1- 3 |  4- 6 |  7- 9 | 10-12 || total
-------------------------+-------+-------+-------+-------++-------
Melee: Falchion          |    66 |   163 |   146 |       ||   375
       Headbutt          |    14 |    25 |    74 |     4 ||   117
       Dagger            |       |       |   150 |    13 ||   163
Invok: Berserk           |       |     3 |     5 |     1 ||     9
       Trog's Hand       |       |     2 |     2 |       ||     4
  Use: Scroll            |       |       |     1 |       ||     1
       Potion            |       |       |     1 |       ||     1
  Eat: Chunk             |     1 |    11 |    19 |       ||    31
       Ration            |       |       |       |     1 ||     1
Armor: Animal skin       |     5 |       |       |       ||     5
       Ring mail         |     9 |    23 |       |       ||    32
       Scale mail        |       |    33 |       |       ||    33
       Chain mail        |       |    23 |   116 |     6 ||   145
Dodge: Dodged            |    34 |    91 |   154 |     6 ||   285
       Rpst.: Falchion   |     8 |    25 |    19 |       ||    52

Table legend:
 A = Non-vault XP
 B = Vault XP
 C = Vault XP percentage of total XP
 D = Non-vault monster count
 E = Vault monster count
 F = Vault count percentage of total count
                 A         B        C        D         E       F
            +---------+---------+-------+---------+---------+-------
      Total |    3964 |    2035 |  33.9 |     192 |      16 |   7.7
            +---------+---------+-------+---------+---------+-------
        D:1 |      57 |       0 |   0.0 |      34 |       0 |   0.0
        D:2 |     124 |       0 |   0.0 |      29 |       0 |   0.0
        D:3 |     129 |     238 |  64.9 |      26 |       4 |  13.3
        D:4 |     355 |       0 |   0.0 |      16 |       0 |   0.0
        D:5 |     167 |     763 |  82.0 |      10 |       2 |  16.7
        D:6 |     563 |       0 |   0.0 |      16 |       0 |   0.0
        D:7 |    1795 |    1021 |  36.3 |      45 |       5 |  10.0
        D:8 |     303 |      13 |   4.1 |       8 |       5 |  38.5
        D:9 |     471 |       0 |   0.0 |       8 |       0 |   0.0
            +---------+---------+-------+---------+---------+-------
